Unix NetHack Version 5.0.0-0 post-release - last build May  4 2026 22:22:43 (774f63e81ad911689b3a0859ea89b322d5daca8d,branch:main).

Game began 2026-05-07 15:13:51, ended 2026-05-07 15:39:54.

Conradmonkey, lawful female dwarven Valkyrie

                                                            -----------
                                                  -----    #0_@)))))))|
                      -------------               |.>..#####|.@)))[)))|
                  ####............|               ....|     |.)))[)))[|
 --------------- ##   |...........|               |...|     -----------
 |`............|##    |...........|      ######## -|---
 |.............-#     ------.------# #####         ###
 |.............|          ############               #####
 |(....>........###########   ####               --------|-----
 |.............|                 ###             |..(.........|
 ---------------        -----------.-     #######.............|
                        |............######      |............|
                        |...........|            --------------
                        |...........|
                        |...........|
                        |.......<...|
                        -------------

Conradmonkey the Skirmisher  St:13 Dx:17 Co:16 In:12 Wi:8 Ch:10  Lawful
Dlvl:2  $:0  HP:0(34) Pw:3(3) AC:5  Xp:3 T:1820  Hungry  

Latest messages:
 You stop.  Your little dog is in the way!
 You stop.  Your little dog is in the way!
 You stop.  Your little dog is in the way!
 This door is locked.
 This door is locked.
 This door is locked.
 This door is locked.
 This door is locked.
 This door is locked.
 In what direction? 6
 Thwack!!
 In what direction? 6
 As you kick the door, it crashes open!
 In what direction? 6
 You kick at empty space.
 You are beginning to feel hungry.
 "Velkommen, Conradmonkey!  Welcome to Fleac's antique weapons outlet!"
 Your knowledge of this spell is twisted.
 It invokes nightmarish images in your mind...
 You see here a long sword (for sale, 20 zorkmids).
 You feel less confused now.
 The little dog yelps!
 You kill the poor little dog!
 You hear the rumble of distant thunder...
 You miss Fleac.
 Fleac gets angry!
 Fleac zaps an ebony wand!
 The wand misses you.
 You hit Fleac.
 Fleac zaps an ebony wand!
 The wand hits you!
 Fleac zaps a wand of striking!
 The wand misses you.
 You feel a bit steadier now.
 You hit Fleac!
 Fleac zaps a wand of striking!
 The wand hits you!
 You miss Fleac.
 Fleac zaps a wand of striking!
 The wand misses you.
 You miss Fleac.
 Fleac zaps a wand of striking!
 The wand hits you!
 You die...
 Fleac takes all your possessions.
 Do you want to see what you had when you died? [ynq] (y) y
 Do you want to see your attributes? [ynq] (y) y
 Do you want an account of creatures vanquished? [ynaq] (y) y
 Do you want to see your conduct and achievements? [ynq] (y) y
 Do you want to see the dungeon overview? [ynq] (y) y

Inventory:
 Weapons  (')')
  a - a +1 dwarvish spear (weapon in left hand)
 Armor    ('[')
  m - an uncursed +0 orcish helm (being worn)
  c - an uncursed +3 small shield (being worn)
 Comestibles  ('%')
  d - an uncursed food ration
 Spellbooks  ('+')
  f - an uncursed spellbook of chain lightning
 Rings    ('=')
  o - an uncursed ring of poison resistance (on left hand)
  g - an uncursed ring of stealth (on right hand)

Conradmonkey the Valkyrie's attributes:

Background:
 You were a Skirmisher, a level 3 dwarven Valkyrie.
 You were lawful, nominally on a mission for Tyr
 who was opposed by Odin (neutral) and Loki (chaotic).
 You were left-handed.
 You were in the Dungeons of Doom, on level 2.
 You entered the dungeon 1820 turns ago.
 You had 67 experience points, 13 more were needed to attain level 4.

Basics:
 You had 0 out of 34 hit points.
 You had all 3 energy points (spell power).
 Your armor class was 5.
 Your wallet was empty.
 Autopickup was off.

Final Characteristics:
 Your strength was 13 (limit:18/100).
 Your dexterity was 17 (limit:20).
 Your constitution was 16 (limit:20).
 Your intelligence was 12 (limit:16).
 Your wisdom was 8 (limit:16).
 Your charisma was 10 (limit:16).

Final Status:
 You were chained to a heavy iron ball.
 You were hungry.
 You were unencumbered.
 You were wielding a spear.
 You had basic skill with spear.

Final Attributes:
 You were haltingly aligned.
 You were cold resistant.
 You were poison resistant.
 You had infravision.
 You were stealthy.
 You were unlucky.
 You are dead.

Miscellaneous:
 You didn't encounter any bones levels.
 Total elapsed playing time was 26 minutes and 1 second.

Major events:
 Turn
    1: Conradmonkey the lawful dwarven Valkyrie entered the dungeon
  803: attained the rank of Skirmisher (level 3)
 1820: killed by a wand

Spells:
 Name                 Level Category     Fail Retention
 chain lightning        2   attack       100%    (gone)

Skills:
 Fighting Skills
   bare handed combat [Unskilled]
   two weapon combat  [Unskilled]
   riding             [Unskilled]
 Weapon Skills
   dagger             [Basic]
   axe                [Unskilled]
   pick-axe           [Unskilled]
   short sword        [Unskilled]
   broadsword         [Unskilled]
   long sword         [Unskilled]
   two-handed sword   [Unskilled]
   saber              [Unskilled]
   hammer             [Unskilled]
   quarterstaff       [Unskilled]
   polearms           [Unskilled]
   spear              [Basic]
   trident            [Unskilled]
   lance              [Unskilled]
   sling              [Unskilled]
 Spellcasting Skills
   attack spells      [Unskilled]
   escape spells      [Unskilled]

Voluntary challenges:
 Character rerolling was not enabled.
 You were an atheist.
 You never genocided any monsters.
 You never polymorphed an object.
 You never changed form.
 You used no wishes.
Achievements:
 You attained the rank of Skirmisher.
 You entered a shop.

 The Dungeons of Doom: levels 1 to 2
    Level 1:
       A fountain.
    Level 2: <- You were here.
       A weapon shop.
       Final resting place for
          you, killed by a wand.


Vanquished creatures:
  a little dog
  a coyote
  a red mold
  7 jackals
  2 kobolds
  4 goblins
  2 sewer rats
  a grid bug
  5 lichens
  3 newts
27 creatures vanquished.

No species were genocided or became extinct.

Game over:
                       ----------
                      /          \
                     /    REST    \
                    /      IN      \
                   /     PEACE      \
                  /                  \
                  |   Conradmonkey   |
                  |       0 Au       |
                  | killed by a wand |
                  |                  |
                  |                  |
                  |                  |
                  |       2026       |
                 *|     *  *  *      | *
        _________)/\\_//(\/(/\)/\//\/|_)_______

Farvel Conradmonkey the Valkyrie...

You died in The Dungeons of Doom on dungeon level 2 with 348 points,
and 0 pieces of gold, after 1820 moves.
You were level 3 with a maximum of 34 hit points when you died.

